 Dungeon Crawl Stone Soup version 0.28.0-45-g0d030f2227 (webtiles) character file.

Game seed: 69172876763099690

428 Peloso the Covered (level 6, 0/53 HPs)
             Began as a Minotaur Fighter on Apr 9, 2022.
             Slain by an orc
             ... wielding a +0 short sword
              (3 damage)
             ... on level 5 of the Dungeon.
             The game lasted 00:04:40 (4040 turns).

Peloso the Covered (Minotaur Fighter)               Turns: 4040, Time: 00:04:40

Health: 0/53       AC: 10    Str: 18 (20) XL:     6   Next: 65%
Magic:  5/5        EV:  7    Int:  2 (5)  God:
Gold:   94         SH:  0    Dex: 11 (12) Spells: 5/5 levels left

rFire   . . .      SeeInvis .   a - +0 long sword
rCold   . . .      Faith    .   c - +0 buckler
rNeg    . . .      Spirit   .   n - +0 chain mail
rPois   .          Reflect  .   (helmet restricted)
rElec   .          Harm     .   (no cloak)
rCorr   .          Rampage  .   (no gloves)
Will    .....                   (no boots)
Stlth   ..........              (no amulet)
HPRegen 0.17/turn               (no ring)
MPRegen 0.09/turn               (no ring)

@: confused
A: horns 2, retaliatory headbutt
a: no special abilities


You were on level 5 of the Dungeon.
You visited 1 branch of the dungeon, and saw 5 of its levels.

You collected 94 gold pieces.

Inventory:

Hand Weapons
 a - a +0 long sword (weapon)
Armour
 b - a +0 scale mail
 c - a +0 buckler (worn)
 n - a +0 chain mail (worn)
Wands
 j - a wand of flame (20)
Scrolls
 e - 3 scrolls of identify {unknown}
 f - 4 scrolls of teleportation {unknown}
 k - 2 scrolls of immolation {unknown}
 m - 2 scrolls of magic mapping {unknown}
 q - a scroll of fog {unknown}
Potions
 d - 2 potions of might
 g - a potion of brilliance {unknown}
 h - a potion of degeneration
 i - a potion of curing {unknown}
 l - 2 potions of magic {unknown}
 o - a potion of flight {unknown}
 p - a potion of heal wounds {unknown}


   Skills:
 + Level 4.4 Fighting
 + Level 5.5 Long Blades
 + Level 5.8 Armour
 + Level 1.8 Dodging
 + Level 4.7 Shields


You had 5 spell levels left.
You didn't know any spells.
Your spell library contained the following spells:

 Spells                   Type           Power      Damage    Failure   Level
 Portal Projectile        Hex/Tloc       0%         N/A       100%        3
 Blade Hands              Tmut           0%         N/A       100%        5
 Excruciating Wounds      Necr           0%         N/A       100%        5


Dungeon Overview and Level Annotations

Branches:
Dungeon (5/15)
 Temple: D:4-7

Altars:
Hepliaklqana
Xom


Innate Abilities, Weirdness & Mutations

You have a pair of horns on your head.
You reflexively headbutt those who attack you in melee.


Message History

The orc priest invokes the aid of Beogh against you.
Something hits you but does no damage. The iguana bites you.
You bump into the rock wall.
The orc barely misses you. Something hits you but does no damage.
The iguana bites you!
Unknown command.
You closely miss the iguana.
The iguana is almost dead.
The orc hits you with a +0 flail.
You hear some strange, mumbled words.
You are more confused.
The iguana closely misses you.
Unknown command.
You bump into the rock wall.
The orc hits you but does no damage. Something hits you but does no damage.
The iguana bites you but does no damage.
Unknown command.
You closely miss the iguana. You headbutt the iguana.
You kill the iguana!
The orc barely misses you.
The orc priest mumbles some strange prayers to Beogh against you.
Something hits you but does no damage.
Unknown command.
You're too confused to move!
The orc hits you but does no damage.
The orc priest calls down the wrath of Beogh upon you.
Something writhes in agony.
You hear some strange, mumbled words.
A puff of flame appears from out of thin air!
The puff of flame hits you!
* * * LOW HITPOINT WARNING * * *
You slash the orc!
You kill the orc!
You hear some strange, mumbled words.
A puff of flame appears from out of thin air!
The puff of flame hits you.
* * * LOW HITPOINT WARNING * * *
It was a potion of degeneration.
There was something very wrong with that liquid.
You feel weakened.
You feel dopey.
You feel clumsy. Something hits you but does no damage.
The orc hits you with a +0 short sword.
You die...

### ..## #..
#..##
#..########
##o{@.....#
#!.o####..#
#...# #..##
#..# ####..#
.# #..#..#
#..## #...##
###[..#
#...####.....


You could see an orc priest and an orc.

Vanquished Creatures
  A water moccasin zombie (D:3)
  A water moccasin skeleton (D:5)
  A bullfrog zombie (D:3)
  5 hounds
  An orc wizard (D:4)
  An iguana (D:5)
  2 adders (D:2)
  A worm (D:2)
  2 dart slugs (D:1)
  5 orcs
  5 ball pythons
  4 bats
  6 endoplasms
  2 giant cockroaches
  6 goblins
  7 hobgoblins
  4 kobolds
  2 quokkas (D:3)
  4 frilled lizards
  A quokka skeleton (D:4)
  10 rats
71 creatures vanquished.

Notes
Turn   | Place    | Note
-------+----------+-------------------------------------------
     0 | D:1      | Peloso the Minotaur Fighter began the quest for the Orb.
     0 | D:1      | Reached XP level 1. HP: 19/19 MP: 0/0
   369 | D:1      | Reached XP level 2. HP: 27/27 MP: 1/1
   553 | D:1      | Found a faded altar of an unknown god.
  1160 | D:2      | Reached XP level 3. HP: 24/33 MP: 2/2
  1598 | D:2      | Found a shimmering altar of Xom.
  1606 | D:2      | Reached XP level 4. HP: 40/40 MP: 3/3
  2561 | D:3      | Found a hazy altar of Hepliaklqana.
  2676 | D:3      | Reached XP level 5. HP: 46/46 MP: 4/4
  2876 | D:3      | Reached skill level 1 in Dodging
  3082 | D:4      | Reached skill level 5 in Long Blades
  3341 | D:4      | Reached skill level 5 in Armour
  3763 | D:4      | Noticed an ogre
  3796 | D:5      | Entered Level 5 of the Dungeon
  3798 | D:5      | Reached XP level 6. HP: 50/53 MP: 5/5
  4040 | D:5      | Slain by an orc

Illustrated notes

Levels and vault maps discovered:
D:1:      dpeg_arrival_water_fire, layout_basic,
          hellmonk_ecumenical_altar_heavens_door
D:2:      layout_loops_corners, basic_altar
D:3:      layout_basic, old_standard_altar, hangedman_decor_clover_reticule
D:4:      layout_cave_pools, hex_tiny
D:5:      layout_layer_cave, temple_pool_b, gammafunk_ghost_split, serial_shops,
          shop

Skill      XL: |  1  2  3  4  5 |
---------------+----------------+-----
Shields        | 4 |  4.7
Fighting       | 4 |  4.4
Long Blades    | 3 4 5 |  5.5
Armour         | 4 5 |  5.8
Dodging        | 1 |  1.8

Action                   |  1- 3 |  4- 6 || total
-------------------------+-------+-------++-------
Melee: Long sword        |    72 |   143 ||   215
       Headbutt          |     6 |    22 ||    28
  Use: Potion            |       |     1 ||     1
Armor: Scale mail        |    29 |    51 ||    80
       Chain mail        |       |    36 ||    36
Dodge: Dodged            |    39 |    70 ||   109
Block: Buckler           |    19 |    37 ||    56
